Cogmind - Beta 15 @@@ ROGUE MODE // 2025.06.03 @ 02:25:41 Player: Florist Result: Destroyed by 8R-AWN with 8R-AWN's Boregun Performance ------------- Evolutions (0) 0 Regions Visited (3) 600 Robots Destroyed (30) 150 Value Destroyed (598) 598 Prototype IDs (23) 460 Alien Tech Used (0) 0 Bonus (51) 51 TOTAL SCORE: 1859 Bonus ------- Aligned with FarCom 300 Friendly Fire -249 Cogmind --------- Core Integrity 0/250 Matter 224/300 Energy 50/100 System Corruption 1% Temperature Cool (0) Movement Walking (190) Ox1 Location -10/Exiles Parts ------- > --- POWER (1) -------- (None) > --- PROPULSION (2) --- Aluminum Leg > --- UTILITY (2) ------ Medium Storage Unit > --- WEAPON (2) ------- Grenade Launcher Grenade Launcher > --- INVENTORY (10) --- Large Matter Pod (72) Seismic Detector Seismic Detector Autogun Autogun Light Cannon Light Cannon Light Cannon Longsword +1 Peak State ------------ > --- POWER ------------ Ion Engine > --- PROPULSION ------- Aluminum Leg Aluminum Leg > --- UTILITY ---------- Medium Storage Unit Hacking Suite > --- WEAPON ----------- Light Cannon Longsword +1 > --- INVENTORY -------- Large Matter Pod Seismic Detector Seismic Detector Autogun Autogun Light Cannon Light Cannon Grenade Launcher Grenade Launcher Rocket Launcher [Rating: 17] Favorites ----------- Power Ion Engine Engine Ion Engine Propulsion Aluminum Leg Treads Light Treads Leg Aluminum Leg Utility Medium Storage Unit Storage Medium Storage Unit Hackware Hacking Suite Weapon Light Cannon Ballistic Gun Assault Rifle Ballistic Cannon Light Cannon Launcher Grenade Launcher Slashing Weapon Longsword +1 Build | -11 -10 -10 -10 ------- Run | Yrd Mat Min Exi Slots Evolved . | . . . . Power . | . . . . Propulsion . | . . . . Utility . | . . . . Weapon . | . . . . Parts Attached 22 | 7 8 5 2 Power 2 | 1 1 . . Engine 2 | 1 1 . . Core . | . . . . Reactor . | . . . . Propulsion 7 | 3 2 2 . Treads 1 | 1 . . . Leg 6 | 2 2 2 . Wheel . | . . . . Hover . | . . . . Flight . | . . . . Utility 3 | 1 2 . . Device . | . . . . Storage 2 | 1 1 . . Processor . | . . . . Hackware 1 | . 1 . . Protection . | . . . . Artifact . | . . . . Weapon 10 | 2 3 3 2 Energy Gun . | . . . . Energy Cannon . | . . . . Ballistic Gun 3 | 2 1 . . Ballistic Cannon 3 | . 2 1 . Launcher 3 | . . 2 1 Special Weapon . | . . . . Impact Weapon . | . . . . Slashing Weapon 1 | . . . 1 Piercing Weapon . | . . . . Special Melee Weapon . | . . . . Unidentified Prototypes . | . . . . Parts Lost 6 | . 1 1 4 Power 1 | . . . 1 Propulsion 2 | . 1 . 1 Utility 1 | . . . 1 Weapon 2 | . . 1 1 Highest Loss Streak 4 | . 1 1 4 To Critical Strikes 2 | . . . 2 Average Backups 9 | 1 9 9 10 Power . | . . . . Propulsion . | . 1 1 . Utility 2 | . 2 2 3 Weapon 5 | . 4 5 6 Tool/Special . | . . . . Unused Backups 8 | . 2 . 6 Power 1 | . 1 . . Propulsion 1 | . 1 . . Utility 3 | . . . 3 Weapon 3 | . . . 3 Tool/Special . | . . . . Average Slot Usage (%) 92 | . 85 99 97 Engine 13 | . 13 14 13 Leg 27 | . 27 28 27 Storage 14 | . 14 14 14 Hackware 8 | . 2 14 13 Ballistic Gun 1 | . 3 . . Ballistic Cannon 23 | . 23 21 26 Launcher 1 | . . 6 . Peak Build Rating 17 | 6 10 11 17 Average Rating 8 | 5 6 10 10 On Entrance 6 | . 6 10 10 Naked Turns . | . . . . Heaviest Build 22 | 12 21 22 21 Greatest Support 20 | 20 20 20 20 Greatest Overweight (x) 5 | . 5 1 1 Average Overweight (x) . | . . 1 . Largest Inventory Capacity 10 | 8 10 10 10 Average Capacity 9 | 7 9 10 10 Most Carried 10 | 4 10 10 10 Average Carried 9 | 1 9 9 9 Final Capacity 10 | 8 10 10 10 Final Carried 10 | 4 10 10 9 Class Distribution -------------------- 100% | Mutant Dominant Class ---------------- Mutant | -10/Materials Mutant | -10/Mines Mutant | -10/Exiles Resources | -11 -10 -10 -10 ----------- Run | Yrd Mat Min Exi Matter Collected 1217 | 318 489 410 . Remotely . | . . . . Salvage Created 775 | 161 471 119 24 Parts 53 | 8 41 4 . Haulers Intercepted 2 | . 2 . . Recyclers Shooed . | . . . . Parts Field Recycled . | . . . . Retrieved Matter . | . . . . Parts Self-Destructed . | . . . . Prevented . | . . . . Kills | -11 -10 -10 -10 ------- Run | Yrd Mat Min Exi Combat Hostiles Destroyed 20 | . 11 4 5 Cannons 15 | . 11 4 . AOE 5 | . . . 5 Classes Destroyed 10 | 2 7 . 1 Worker 3 | . 3 . . Builder 2 | . 2 . . Tunneler 3 | 3 . . . Hauler 2 | . 2 . . Recycler 1 | 1 . . . Operator 1 | . 1 . . Watcher 3 | . 3 . . Swarmer 3 | . 3 . . Grunt 12 | . 8 4 . Assembled 5 | . . . 5 Best Kill Streak 5 | 3 4 2 5 Combat Bots Only 5 | . 3 2 5 Max Kills in Single Turn 4 | 1 1 1 4 Gunslinging . | . . . . Exploded 4 | . . . 4 Melee . | . . . . Uniques/NPCs Destroyed . | . . . . Combat | -11 -10 -10 -10 -------- Run | Yrd Mat Min Exi Hostile Shots Fired 100 | . 43 22 35 Missed 28 | . 19 4 5 Hits 72 | . 24 18 30 Melee 3 | . . . 3 Projectile 69 | . 24 18 27 Critical Strikes 17 | . . 1 16 Damage Taken 1144 | . 254 233 657 Core 255 | . 21 23 211 Absorbed by Shields . | . . . . Core Remaining (%) 100 | 100 . . . Volleys Fired 72 | 8 49 12 3 Largest 2 | 2 2 2 2 Hottest 60 | 40 60 60 60 Shots Fired 140 | 16 98 22 4 Gun 17 | 16 1 . . Cannon 119 | . 97 22 . Launcher 4 | . . . 4 Special . | . . . . Kinetic 136 | 16 98 22 . Thermal . | . . . . Explosive 4 | . . . 4 Electromagnetic . | . . . . Robot Hit Streak 7 | 4 6 7 5 Robot Miss Streak 3 | 2 3 1 . Penetration Max . | . . . . Secondary Targets . | . . . . Shots Hit Robots 90 | 8 54 16 12 Core Hits 41 | 4 24 6 7 Critical Kills . | . . . . Critical Parts Destroyed . | . . . . Critical Strikes 8 | . 6 1 1 Blast 7 | . 6 1 . Sever 1 | . . . 1 Melee Attacks 8 | . . . 8 Impact . | . . . . Slashing 8 | . . . 8 Piercing . | . . . . Sneak Attacks 1 | . . . 1 Combat Hostiles . | . . . . Follow-up Attacks . | . . . . Damage Inflicted 2032 | 114 978 281 659 Guns 114 | 114 . . . Cannons 1259 | . 978 281 . Explosions 282 | . . . 282 Melee 377 | . . . 377 Ramming . | . . . . Kinetic 1373 | 114 978 281 . Thermal . | . . . . Explosive 282 | . . . 282 Electromagnetic . | . . . . Impact . | . . . . Slashing 377 | . . . 377 Piercing . | . . . . Highest Corruption 1 | . . . 1 Average Corruption 1 | . . . 1 Corruption Purged . | . . . . Corruption Blocked . | . . . . Overload Shots . | . . . . Overflow Damage 22 | . 14 . 8 Projectiles 14 | . 14 . . Explosions 8 | . . . 8 Melee . | . . . . Knockbacks 15 | . 13 2 . Impact . | . . . . Kinetic 13 | . 11 2 . Secondary 2 | . 2 . . Self-Inflicted Damage 103 | . . . 103 Shots 4 | . . . 4 Rammed . | . . . . Targets Rammed . | . . . . Kicked . | . . . . Crushed . | . . . . Highest Temperature 94 | . 54 94 . Average Temperature 38 | . 28 51 . Received Heat Transfer 249 | . 99 150 . Siege Activations . | . . . . Martial Activations . | . . . . Shielding Activations . | . . . . Robots Disrupted . | . . . . Combat Hostiles . | . . . . Robots Corrupted . | . . . . Combat Hostiles . | . . . . Parts Fried . | . . . . Impact Corruptions . | . . . . Robots Melted . | . . . . Combat Hostiles . | . . . . Parts Melted . | . . . . Heat Transferred . | . . . . Parts Sabotaged . | . . . . Parts Stolen . | . . . . Parts Stripped . | . . . . Power Chain Reactions . | . . . . Alert | -11 -10 -10 -10 ------- Run | Yrd Mat Min Exi Maximum Alert Level . | . . . . Low Security (%) 100 | 100 100 100 . Level 1 . | . . . . Level 2 . | . . . . Level 3 . | . . . . Level 4 . | . . . . Level 5 . | . . . . High Security . | . . . . Max Security . | . . . . Peak Influence 116 | 15 116 67 . Initial 17 | . 3 17 . Average 34 | 2 51 13 . Influence Increases 513 | 20 393 100 . Destroy 0b10 Robot/C 300 | . 220 80 . Destroy 0b10 Robot/NC 75 | 20 55 . . Destroy Leader 80 | . 60 20 . Successful Hack 11 | . 11 . . Destroy Structure 2 | . 2 . . Lose Combat Pursuer 45 | . 45 . . Influence Decreases 513 | 15 353 145 . Entered New Map 30 | . 2 28 . Time Decay 463 | 15 341 107 . Lost Part 20 | . 10 10 . Squads Dispatched 2 | . 2 . . Investigation 1 | . 1 . . Extermination . | . . . . Reinforcement 1 | . 1 . . Assault . | . . . . Garrison . | . . . . Intercept . | . . . . Searches Triggered . | . . . . Construction Impeded . | . . . . Haulers Reinforced . | . . . . Active Scanning Responses . | . . . . Cargo Convoy Interrupts . | . . . . Stealth | -11 -10 -10 -10 --------- Run | Yrd Mat Min Exi Distress Signals 1 | . 1 . . Communications Jammed . | . . . . Distress Signals . | . . . . Times Spotted 33 | . 21 4 8 Peak Tracking Total 9 | . 5 2 9 Tactical Retreats 2 | . 2 . . Traps | -11 -10 -10 -10 ------- Run | Yrd Mat Min Exi Traps Triggered 5 | . 5 . . Indirectly . | . . . . Trap Hack Attempts . | . . . . Triggered . | . . . . Disarmed . | . . . . Reprogrammed . | . . . . Reused . | . . . . Traps Extracted . | . . . . Installed . | . . . . Triggered . | . . . . Machines | -11 -10 -10 -10 ---------- Run | Yrd Mat Min Exi Machines Disabled 1 | . . . 1 Max in Single Turn 1 | . . . 1 Machines Repaired . | . . . . Machines Dismantled . | . . . . Machines Sabotaged . | . . . . Overloaded Fab Kills . | . . . . Hacking | -11 -10 -10 -10 --------- Run | Yrd Mat Min Exi Machines Accessed 5 | . 4 . 1 Terminals 4 | . 4 . . Fabricators . | . . . . Repair Stations . | . . . . Recycling Units . | . . . . Scanalyzers . | . . . . Garrison Access . | . . . . Total Hacks 10 | . 9 . 1 Successful 7 | . 6 . 1 Failed 3 | . 3 . . Catastrophic . | . . . . Database Lockouts . | . . . . Manual 9 | . 8 . 1 Terminals 9 | . 9 . . Fabricators . | . . . . Repair Stations . | . . . . Recycling Units . | . . . . Scanalyzers . | . . . . Garrison Access . | . . . . Terminal Hacks 3 | . 2 . 1 Branch Access Points 1 | . 1 . . Zone Layout 1 | . 1 . . Proto ID Catalog 1 | . . . 1 Fabricator Hacks . | . . . . Repair Station Hacks . | . . . . Recycling Unit Hacks . | . . . . Scanalyzer . | . . . . Garrison Access Hacks . | . . . . Unauthorized Hacks 4 | . 4 . . Terminals 4 | . 4 . . Botnet 4 | . 4 . . Fabricators . | . . . . Repair Stations . | . . . . Recycling Units . | . . . . Scanalyzers . | . . . . Garrison Access . | . . . . Data Cores Recovered . | . . . . Used . | . . . . Hacking Detections 1 | . 1 . . Full Trace Events 1 | . 1 . . Feedback Events . | . . . . Feedback Blocked . | . . . . Robot Schematics Acquired . | . . . . Robots Built . | . . . . Authchips . | . . . . Time . | . . . . Total Robot Build Rating . | . . . . Part Schematics Acquired . | . . . . Parts Built . | . . . . Authchips . | . . . . Time . | . . . . Total Part Build Rating . | . . . . Parts Repaired . | . . . . Time . | . . . . Parts Recycled . | . . . . Recycled Matter . | . . . . Retrieved Matter . | . . . . Retrieved Components . | . . . . Parts Scanalyzed . | . . . . Part Schematics Acquired . | . . . . Parts Damaged . | . . . . Bothacking | -11 -10 -10 -10 ------------ Run | Yrd Mat Min Exi Used RIF Installer . | . . . . Robots Hacked . | . . . . Non-combat . | . . . . Combat . | . . . . Robot Hacks Applied . | . . . . Relay Couplers Released . | . . . . Fabnet Peak Effective % . | . . . . Robots Rewired . | . . . . Allies Hacked . | . . . . Hacks Repelled . | . . . . Allies | -11 -10 -10 -10 -------- Run | Yrd Mat Min Exi Total Allies . | . . . . Largest Group . | . . . . Highest-Rated Group . | . . . . Highest-Rated Ally . | . . . . Total Orders . | . . . . Ally Attacks . | . . . . Total Damage . | . . . . Kills . | . . . . Allies Corrupted . | . . . . Allies Melted . | . . . . Intel | -11 -10 -10 -10 ------- Run | Yrd Mat Min Exi Active Infowar (turns) . | . . . . Robot Analysis Total . | . . . . Derelict Logs Recovered . | . . . . Drone Launches . | . . . . Drone Recoveries . | . . . . Exploration | -11 -10 -10 -10 ------------- Run | Yrd Mat Min Exi Turns Passed 2141 | 118 1003 615 405 Spaces Moved 1025 | 61 539 228 197 Core 3 | 1 2 . . Treads 6 | 6 . . . Legs 1016 | 54 537 228 197 Wheels . | . . . . Hover . | . . . . Flight . | . . . . Fastest Speed 50 | 50 120 190 120 Average Speed 162 | 122 146 190 189 Slowest Speed 300 | 160 300 190 190 Overloaded Moves . | . . . . Propulsion Burnouts . | . . . . Robots Hopped . | . . . . Potential Cave-ins . | . . . . Cave-ins Triggered . | . . . . Exploration Rate (%) 43 | 4 83 47 41 Regions Visited 3 Branch Regions 2 Pre-discovered Areas 1 | . . 1 . Known Exits Taken 1 | . 1 . . Unknown Exits Taken 2 | 1 . 1 . Scrap Searched . | . . . . Spaces Dug . | . . . . Terrain Destroyed 19 | . . . 19 Melee . | . . . . Projectile . | . . . . AOE 19 | . . . 19 Terrain Rammed . | . . . . Walls Destroyed . | . . . . Machines Disabled . | . . . . Actions | -11 -10 -10 -10 --------- Run | Yrd Mat Min Exi Total 1343 | 85 655 388 215 Wait 174 | 5 32 137 . Move 1022 | 60 538 227 197 Hop . | . . . . Pick Up 17 | 4 10 2 1 Fast Attach 20 | 7 13 . . Attach 4 | . 2 1 1 Detach . | . . . . Swap 12 | . 2 6 4 Drop 14 | 1 9 3 1 Fire 72 | 8 49 12 3 Melee 8 | . . . 8 Ram . | . . . . Kick . | . . . . Crush . | . . . . Escape Stasis . | . . . . Rewire . | . . . . Trap . | . . . . Miscellaneous . | . . . . Route ------- -11/Scrapyard -10/Materials (discovered 3 exits: [*Mat x2] / *Min) -10/Mines (discovered 2 exits: [*Mat] / *Exi) -10/Exiles (discovered 1 exit: [*Min]) History --------- Turn | Location | Event 30 | -11/Scrapyard | Discovered new exit (range 16) 119 | -11/Scrapyard | Entered Materials 311 | -10/Materials | Build established: Mutant 592 | -10/Materials | Discovered new exit (range 11) 702 | -10/Materials | Discovered new exit (range 9) 1003 | -10/Materials | Identified exit to Mines 1122 | -10/Materials | Entered Mines 1237 | -10/Mines | Assembled infested the area 1240 | -10/Mines | Discovered new exit (range 16) 1353 | -10/Mines | Received a Rocket Launcher from a helpful Derelict 1433 | -10/Mines | Learned location of Storage (-8) 1730 | -10/Mines | Discovered new exit (range 5) 1737 | -10/Mines | Entered Exiles 1762 | -10/Exiles | Discovered new exit (range 15) 1785 | -10/Exiles | Met 8R-AWN 1817 | -10/Exiles | Met EX-HEX 1876 | -10/Exiles | Met EX-BIN 1901 | -10/Exiles | Aligned with FarCom system 1903 | -10/Exiles | Given EX-Vault access code 1948 | -10/Exiles | Opened EX-Vault 1962 | -10/Exiles | Found Longsword +1 1999 | -10/Exiles | Warned to stay clear of 0b10 Research branches 2114 | -10/Exiles | Attacked by the Exiles 2129 | -10/Exiles | Core integrity fell below 50% 2133 | -10/Exiles | Core integrity fell below 20% 2142 | -10/Exiles | Destroyed by 8R-AWN with 8R-AWN's Boregun Last Messages --------------- 02132_ as-06717 destroyed. 02132_ as-37704 destroyed. 02132_ Machine disabled. 02133_ Penetrated by HV Slug. 02133_ HV Slug penetrates Earth. 02133_ Penetrated by HV Slug. 02133_ Critical hit (Destroy). 02133_ Rocket Launcher destroyed. 02133_ HV Slug penetrates Earth. 02135_ as-59388 destroyed. 02136_ HV Slug penetrates Earth. 02138_ Penetrated by HV Slug. 02138_ HV Slug penetrates Earth. 02138_ Penetrated by HV Slug. 02138_ HV Slug penetrates Earth. 02140_ Penetrated by HV Slug. 02140_ HV Slug penetrates Earth. 02142_ Penetrated by HV Slug. 02142_ HV Slug penetrates Earth. 02142_ Penetrated by HV Slug. Map ----- +----------------------------------------------------+ | """#?????????????????????????????????????????????? | | """#?????????????????????????????????????????????? | | """#?????????????????????????????????????????????? | | """#?????????????????????????????????????????????? | | """#?????????????????????????????????????????????? | | """#?????????????????????????????????????????????? | | """#?????????????????????????????????????????????? | | """#?????????????????????????????????????????????? | | """#?????????????????????????????????????????????? | | """##????????????????????????????????????????????? | | """""????????????????????????????????????????????? | | """##????????????????????????????????????????????? | | """""????????????????????????????????????????????? | | # ????????????????????#???????????????????????? | | """#????????????????????? ???????????????????????? | | ####????????????????????? ???????????????????????? | | ????????????????????????? ???????????????????????? | | ????????????????????????# #???????????????????? ?? | | ????????????????????????# #??????????????????? < | | ##########??????????????# #??????????????????? | | """""""""##?????????????# #??????????????????? | | " """ """"##????????????# #??????????????????# # | | "" " #????????????# #????????????????## # | | " """#?????????#### ####?????????????# | | " "#?????????# #?????????????# | | " "##????????# @ #????????????## | | ""###?????# #??????????## #? | | """#?????## g ##??????????# #? | | "#????## ##????????### #?? | | ##???# ########## #?? | | ##?## #""""## #??? | | ### * ##?? | | % ## * #?? | | #### ##? | | % ""#?#"""""#### ## | | #"""##?#######??#### * | | ######??????????????##### | | ##???????????????????????### | | " ##??????????????????????????### | | """ ""#?????????????????????????????### | | ""#" "##??????????????????????????????#" | | """##"""""""##???????????????????????????????#### | | ""???#########???????????????????????????????????# | | ?????????????????????????????????????????????????# | | ?????????????????????????????????????????????????? | | ?????????????????????????????????????????????????? | | ?????????????????????????????????????????????????? | | ?????????????????????????????????????????????????? | | ?????????????????????????????????????????????????? | | ?????????????????????????????????????????????????? | +----------------------------------------------------+ Best States ------------- Heat Dissipation 25 Energy Generation 10 Energy Capacity 250 Matter Stores 300 Matter Capacity 300 Sight Range 16 Terrain Scan Density 10 Evasion (%) 55 Recoil Reduction 1 Offensive Hacking 10 Item Schematics ----------------- None Robot Schematics ------------------ None Fabricated ------------ Nothing Repaired ---------- Nothing Alien Tech Used ----------------- None Achievements -------------- None Challenges ------------ None Game ------ Seed SurveybotWaveScrap Manual? 0 Play Time 00:12:22 Cumulative 103.5 hours Start 2025.06.03 @ 02:14:50 End 2025.06.03 @ 02:25:41 Sessions 1 Manual Loads 0 Difficulty Rogue Special Mode None Game No. 115 Rogue 115 Adventurer 0 Explorer 0 Win Type - Total 4 Types 3/0/0/1/0/0/0/0/0/0 Lore% 50 Gallery% 51 Achievement% 48 Wizard Run 0 Options --------- Layout 1 ASCII 0 Keyboard 0 Movement Numpad Keybinds 0 Fullscreen 1 Font 32/SmallcapsGlow Map View 77x35 Zoom Use 0% Tactical HUD 1 Map Filters NONE Filters NONE Steam 1 RUN: 3102e8ae-0c21-4f73-bda7-fc20e02e5cd3